SL
THUNDER BAY NORTHERN LIONS BC @ RICHARDSON CITY THUNDERCATS
07/09/2034
 
TOP OF THE 1ST
Thunder Bay Northern Lions BC batting - Pitching for Richardson City Thundercats : RHP Oliver Rodríguez
Pitching: RHP Oliver Rodríguez
Batting: RHB Rafael Pueblo 0-0: Ball
1-0: Ground out 4-3 (Groundball, 4)
Batting: RHB António Mendoza 0-0: Called Strike
0-1: Called Strike
0-2: Strikes out looking
Batting: LHB Luis Freitas 0-0: Ball
1-0: Ball
2-0: Ground out 6-3 (Groundball, 6)
Top of the 1st over - 0 runs, 0 hits, 0 errors, 0 left on base; Thunder Bay 0 - Richardson City 0
BOTTOM OF THE 1ST
Richardson City Thundercats batting - Pitching for Thunder Bay Northern Lions BC : RHP Rafael Cardona
Pitching: RHP Rafael Cardona
Batting: LHB Ashley Thachi 0-0: Ball
1-0: Called Strike
1-1: Foul Ball, location: 2F
1-2: Ball
2-2: Ground out 3-1 (Groundball, 34)
Batting: LHB Juan Macíel 0-0: Foul Ball, location: 2F
0-1: Ball
1-1: Foul Ball, location: 2F
1-2: Fly out, F6 (Popup, 56)
Batting: LHB Juan Jose Hernández 0-0: Called Strike
0-1: Foul Ball, location: 2F
0-2: Ball
1-2: Ball
2-2: Foul Ball, location: 2F
2-2: Ball
3-2: SOLO HOME RUN (Flyball, 9LD), Distance : 343 ft
Batting: LHB Jonathan Gunner 0-0: Called Strike
0-1: Ball
1-1: Foul Ball, location: 2F
1-2: Strikes out looking
Bottom of the 1st over - 1 run, 1 hit, 0 errors, 0 left on base; Thunder Bay 0 - Richardson City 1
TOP OF THE 2ND
Thunder Bay Northern Lions BC batting - Pitching for Richardson City Thundercats : RHP Oliver Rodríguez
Batting: RHB Juan Pedraza 0-0: Fly out, F7 (Line Drive, 7)
Batting: RHB Edgar Balerio 0-0: Called Strike
0-1: Ball
1-1: Called Strike
1-2: Strikes out swinging
Batting: RHB Ramón Degollado 0-0: Fly out, F6 (Line Drive, 6)
Top of the 2nd over - 0 runs, 0 hits, 0 errors, 0 left on base; Thunder Bay 0 - Richardson City 1
BOTTOM OF THE 2ND
Richardson City Thundercats batting - Pitching for Thunder Bay Northern Lions BC : LHP Cherles Gachineiro
Pitching: LHP Cherles Gachineiro
Batting: LHB Kazuyoshi Hasegawa 0-0: Called Strike
0-1: Fly out, F7 (Flyball, 7D)
Batting: LHB Chris Fitzgerald 0-0: Called Strike
0-1: Ball
1-1: Ball
2-1: Foul Ball, location: 2F
2-2: Foul Ball, location: 2F
2-2: Ball
3-2: Foul Ball, location: 2F
3-2: Foul Ball, location: 2F
3-2: Foul Ball, location: 2F
3-2: Ground out 6-3 (Groundball, 6)
Batting: LHB Roberto Sánchez 0-0: Foul Ball, location: 2F
0-1: SOLO HOME RUN (Flyball, 9D), Distance : 380 ft
Batting: RHB Felipe Campos 0-0: Called Strike
0-1: Called Strike
0-2: Ground out 6-3 (Groundball, 6)
Bottom of the 2nd over - 1 run, 1 hit, 0 errors, 0 left on base; Thunder Bay 0 - Richardson City 2
TOP OF THE 3RD
Thunder Bay Northern Lions BC batting - Pitching for Richardson City Thundercats : RHP Oliver Rodríguez
Batting: SHB Robert La Caze 0-0: Ball
1-0: Called Strike
1-1: SINGLE (Groundball, 4MD)
Batting: RHB Kasper Schuilenberg 0-0: Ball
1-0: Grounds into double play, 6-4-3 (Groundball, 6MD)
Batting: RHB Augusto Encarnación 0-0: Ball
1-0: Foul Ball, location: 2F
1-1: Ball
2-1: Ball
3-1: Foul Ball, location: 2F
3-2: Foul Ball, location: 2F
3-2: Ground out 6-3 (Groundball, 6)
Top of the 3rd over - 0 runs, 1 hit, 0 errors, 0 left on base; Thunder Bay 0 - Richardson City 2
BOTTOM OF THE 3RD
Richardson City Thundercats batting - Pitching for Thunder Bay Northern Lions BC : LHP Cherles Gachineiro
Batting: RHB Sotaro Sakata 0-0: Swinging Strike
0-1: Called Strike
0-2: SINGLE (Line Drive, 6M)
Batting: LHB Ashley Thachi 0-0: Ball
1-0: Foul Ball, location: 2F
1-1: Foul Ball, location: 2F
1-2: Ball
2-2: SINGLE (Groundball, 34) (infield hit)
Sotaro Sakata to second
Batting: LHB Juan Macíel 0-0: Ball
1-0: Fielders Choice at 3rd, U5 (Groundball, 5L)
Ashley Thachi to second
Batting: LHB Juan Jose Hernández 0-0: Called Strike
0-1: SINGLE (Line Drive, 4MD)
Ashley Thachi to third
Juan Macíel to second
Batting: LHB Jonathan Gunner 0-0: Called Strike
0-1: Called Strike
0-2: Ball
1-2: Strikes out swinging
Batting: LHB Kazuyoshi Hasegawa 0-0: Ball
1-0: Foul Ball, location: 2F
1-1: Fly out, F8 (Flyball, 8LD)
Bottom of the 3rd over - 0 runs, 3 hits, 0 errors, 3 left on base; Thunder Bay 0 - Richardson City 2
TOP OF THE 4TH
Thunder Bay Northern Lions BC batting - Pitching for Richardson City Thundercats : RHP Oliver Rodríguez
Batting: RHB Rafael Pueblo 0-0: Ball
1-0: Swinging Strike
1-1: Ball
2-1: Foul Ball, location: 2F
2-2: Ball
3-2: Ground out 6-3 (Groundball, 6)
Batting: RHB António Mendoza 0-0: Ball
1-0: Foul Ball, location: 2F
1-1: Foul Ball, location: 2F
1-2: Ball
2-2: Ball
3-2: SINGLE (Groundball, 56) (infield hit)
Batting: LHB Luis Freitas 0-0: Ball
1-0: Fielders Choice at 2nd, 2-4 (Groundball, 2L)
Batting: RHB Juan Pedraza 0-0: Called Strike
0-1: SINGLE (Groundball, 34D)
Luis Freitas to second
Runner from 2nd tries for 3rd, SAFE, no throw
Batting: RHB Edgar Balerio 0-0: Called Strike
0-1: Called Strike
0-2: Strikes out swinging
Top of the 4th over - 0 runs, 2 hits, 0 errors, 2 left on base; Thunder Bay 0 - Richardson City 2
BOTTOM OF THE 4TH
Richardson City Thundercats batting - Pitching for Thunder Bay Northern Lions BC : LHP Cherles Gachineiro
Batting: LHB Chris Fitzgerald 0-0: Foul Ball, location: 2F
0-1: Ball
1-1: SINGLE (Groundball, 56D)
Batting: LHB Roberto Sánchez 0-0: Ball
1-0: Fly out, F8 (Flyball, 8LXD)
Batting: RHB Felipe Campos 0-0: SINGLE (Groundball, 56D)
Chris Fitzgerald to second
Batting: RHB Sotaro Sakata 0-0: Swinging Strike
0-1: Fly out, F7 (Flyball, 7LS)
Batting: LHB Ashley Thachi 0-0: Called Strike
0-1: Ball
1-1: Ball
2-1: Ball
3-1: Base on Balls
Chris Fitzgerald to third
Felipe Campos to second
Batting: LHB Juan Macíel 0-0: Swinging Strike
0-1: Ball
1-1: Ball
2-1: Foul Ball, location: 2F
2-2: Foul Ball, location: 2F
2-2: Strikes out looking
Bottom of the 4th over - 0 runs, 2 hits, 0 errors, 3 left on base; Thunder Bay 0 - Richardson City 2
TOP OF THE 5TH
Thunder Bay Northern Lions BC batting - Pitching for Richardson City Thundercats : RHP Oliver Rodríguez
Batting: RHB Ramón Degollado 0-0: Ball
1-0: Foul Ball, location: 2F
1-1: Ball
2-1: Fly out, F7 (Flyball, 7S)
Batting: SHB Robert La Caze 0-0: Ball
1-0: Fly out, F6 (Popup, 6M)
Batting: RHB Kasper Schuilenberg 0-0: SINGLE (Groundball, 6MD)
Batting: RHB Augusto Encarnación 0-0: Ball
1-0: Called Strike
1-1: Ball
2-1: Called Strike
2-2: Ball
3-2: Strikes out swinging
Top of the 5th over - 0 runs, 1 hit, 0 errors, 1 left on base; Thunder Bay 0 - Richardson City 2
BOTTOM OF THE 5TH
Richardson City Thundercats batting - Pitching for Thunder Bay Northern Lions BC : LHP Cherles Gachineiro
Batting: LHB Juan Jose Hernández 0-0: Foul Ball, location: 2F
0-1: Hit by Pitch
Pitching: RHP Armando Marrero
Batting: LHB Jonathan Gunner 0-0: Ball
1-0: Ball
2-0: Ball
3-0: Called Strike
3-1: Foul Ball, location: 2F
3-2: Base on Balls
Juan Jose Hernández to second
Batting: LHB Kazuyoshi Hasegawa 0-0: Ball
1-0: Foul Ball, location: 2F
1-1: Foul Ball, location: 2F
1-2: Ball
2-2: Ball
3-2: Foul Ball, location: 2F
3-2: Ground out 3-1 (Groundball, 34S)
Juan Jose Hernández to third
Jonathan Gunner to second
Batting: LHB Chris Fitzgerald 0-0: Ball
1-0: Swinging Strike
1-1: Ball
2-1: Ball
3-1: Foul Ball, location: 2F
3-2: Base on Balls
Batting: LHB Roberto Sánchez 0-0: Ball
1-0: Ball
2-0: GRAND SLAM HOME RUN (Flyball, 9D), Distance : 367 ft
Pitching: RHP Bayram Tanaoglu
Batting: RHB Felipe Campos 0-0: Called Strike
0-1: Ball
1-1: Ball
2-1: Ball
3-1: Called Strike
3-2: Base on Balls
Batting: RHB Sotaro Sakata 0-0: SINGLE (Groundball, 34) (infield hit)
Felipe Campos to second
Batting: LHB Ashley Thachi 0-0: Called Strike
0-1: Ball
1-1: Ball
2-1: Ball
3-1: Base on Balls
Felipe Campos to third
Sotaro Sakata to second
Batting: LHB Juan Macíel 0-0: Ball
1-0: Ball
2-0: Fly out, F9 (Flyball, 9LD)
Runner from 3rd tags up, SCORES, no throw
Sotaro Sakata to third
Batting: LHB Juan Jose Hernández 0-0: Called Strike
0-1: Swinging Strike
0-2: Hit by Pitch
Ashley Thachi to second
Batting: LHB Jonathan Gunner 0-0: Fielders Choice at 2nd, U6 (Groundball, 6M)
Bottom of the 5th over - 5 runs, 2 hits, 0 errors, 3 left on base; Thunder Bay 0 - Richardson City 7
TOP OF THE 6TH
Thunder Bay Northern Lions BC batting - Pitching for Richardson City Thundercats : RHP Oliver Rodríguez
Batting: RHB Rafael Pueblo 0-0: Called Strike
0-1: Ball
1-1: Ball
2-1: Ball
3-1: Foul Ball, location: 2F
3-2: Foul Ball, location: 2F
3-2: Ground out 6-3 (Groundball, 6S)
Batting: RHB António Mendoza 0-0: Swinging Strike
0-1: Foul Ball, location: 2F
0-2: Strikes out swinging
Batting: LHB Luis Freitas 0-0: Ground out 6-3 (Groundball, 6)
Top of the 6th over - 0 runs, 0 hits, 0 errors, 0 left on base; Thunder Bay 0 - Richardson City 7
BOTTOM OF THE 6TH
Richardson City Thundercats batting - Pitching for Thunder Bay Northern Lions BC : RHP Bayram Tanaoglu
Batting: LHB Kazuyoshi Hasegawa 0-0: Ball
1-0: Called Strike
1-1: Swinging Strike
1-2: Ball
2-2: Strikes out swinging, 2-3 out at first.
Batting: LHB Chris Fitzgerald 0-0: Ball
1-0: Called Strike
1-1: Ball
2-1: Ball
3-1: Called Strike
3-2: Foul Ball, location: 2F
3-2: Base on Balls
Batting: LHB Roberto Sánchez 0-0: Ball
1-0: Called Strike
1-1: Ball
2-1: Ball
3-1: Base on Balls
Chris Fitzgerald to second
Batting: RHB Felipe Campos 0-0: Ball
1-0: Swinging Strike
1-1: DOUBLE (Flyball, 89D)
Chris Fitzgerald scores
Roberto Sánchez to third
Runner from 3rd tries for Home, SAFE, throw made at trailing runner, OUT at third!
Batting: RHB Sotaro Sakata 0-0: Ball
1-0: Ball
2-0: Called Strike
2-1: Fly out, F8 (Line Drive, 8LM)
Bottom of the 6th over - 2 runs, 1 hit, 0 errors, 0 left on base; Thunder Bay 0 - Richardson City 9
TOP OF THE 7TH
Thunder Bay Northern Lions BC batting - Pitching for Richardson City Thundercats : RHP Oliver Rodríguez
Batting: RHB Juan Pedraza 0-0: Ball
1-0: Called Strike
1-1: Ground out 5-3 (Groundball, 56S)
Batting: RHB Edgar Balerio 0-0: Called Strike
0-1: Ball
1-1: Ball
2-1: Fly out, F9 (Flyball, 9S)
Batting: RHB Ramón Degollado 0-0: Called Strike
0-1: SINGLE (Line Drive, 34D)
Batting: SHB Robert La Caze 0-0: Ball
1-0: Foul Ball, location: 2F
1-1: Ground out 4-3 (Groundball, 4)
Top of the 7th over - 0 runs, 1 hit, 0 errors, 1 left on base; Thunder Bay 0 - Richardson City 9
BOTTOM OF THE 7TH
Richardson City Thundercats batting - Pitching for Thunder Bay Northern Lions BC : RHP Bayram Tanaoglu
Batting: LHB Ashley Thachi 0-0: Called Strike
0-1: Ball
1-1: Swinging Strike
1-2: Ball
2-2: Fly out, F9 (Flyball, 9S)
Batting: LHB Juan Macíel 0-0: Foul Ball, location: 2F
0-1: Ball
1-1: Foul Ball, location: 2F
1-2: Foul Ball, location: 2F
1-2: Ball
2-2: Ball
3-2: Foul Ball, location: 2F
3-2: Ground out 1-3 (Groundball, 15S)
Batting: LHB Juan Jose Hernández 0-0: Called Strike
0-1: Ball
1-1: SINGLE (Groundball, 34D)
Batting: LHB Jonathan Gunner 0-0: Foul Ball, location: 2F
0-1: Ball
1-1: Foul Ball, location: 2F
1-2: Ball
2-2: Strikes out looking
Bottom of the 7th over - 0 runs, 1 hit, 0 errors, 1 left on base; Thunder Bay 0 - Richardson City 9
TOP OF THE 8TH
Thunder Bay Northern Lions BC batting - Pitching for Richardson City Thundercats : RHP Oliver Rodríguez
Batting: RHB Kasper Schuilenberg 0-0: Called Strike
0-1: Swinging Strike
0-2: Strikes out looking
Batting: RHB Augusto Encarnación 0-0: Ball
1-0: Ground out 6-3 (Groundball, 6)
Batting: RHB Rafael Pueblo 0-0: Called Strike
0-1: Foul Ball, location: 2F
0-2: SINGLE (Line Drive, 6M)
Batting: RHB António Mendoza 0-0: Ball
1-0: Foul Ball, location: 2F
1-1: Ball
2-1: Called Strike
2-2: Foul Ball, location: 2F
2-2: Fly out, F7 (Flyball, 7S)
Top of the 8th over - 0 runs, 1 hit, 0 errors, 1 left on base; Thunder Bay 0 - Richardson City 9
BOTTOM OF THE 8TH
Richardson City Thundercats batting - Pitching for Thunder Bay Northern Lions BC : RHP Bayram Tanaoglu
Batting: LHB Kazuyoshi Hasegawa 0-0: Called Strike
0-1: Fly out, F8 (Flyball, 8RD)
Batting: LHB Chris Fitzgerald 0-0: Ball
1-0: Called Strike
1-1: Ball
2-1: Ball
3-1: Base on Balls
Pitching: RHP Ji Jing
Batting: LHB Roberto Sánchez 0-0: Called Strike
0-1: Ball
1-1: Swinging Strike
1-2: Ball
2-2: Foul Ball, location: 2F
2-2: Fly out, F7 (Flyball, 7)
Batting: RHB Felipe Campos 0-0: Foul Ball, location: 2F
0-1: Ball
1-1: Called Strike
1-2: SINGLE (Groundball, 6MD)
Chris Fitzgerald to second
Batting: RHB Sotaro Sakata 0-0: Ground out 4-3 (Groundball, 4)
Bottom of the 8th over - 0 runs, 1 hit, 0 errors, 2 left on base; Thunder Bay 0 - Richardson City 9
TOP OF THE 9TH
Thunder Bay Northern Lions BC batting - Pitching for Richardson City Thundercats : RHP Oliver Rodríguez
Batting: LHB Luis Freitas 0-0: Called Strike
0-1: Ball
1-1: Ball
2-1: Ball
3-1: Foul Ball, location: 2F
3-2: Base on Balls
Batting: RHB Juan Pedraza 0-0: Ball
1-0: Fly out, F4 (Popup, 4M)
Batting: RHB Edgar Balerio 0-0: Ground out 5-3 (Groundball, 56S)
Luis Freitas to second
Batting: RHB Ramón Degollado 0-0: Called Strike
0-1: Foul Ball, location: 2F
0-2: Ground out 5-3 (Groundball, 56)
Top of the 9th over - 0 runs, 0 hits, 0 errors, 1 left on base; Thunder Bay 0 - Richardson City 9
Friday, March 29th, 2019 - OOTP Baseball 18.8 Build 76